AoeStats
← OakenStone47820

Fortress

507977224Analyzed
4v4 RM · 13d ago on Sep 20, 2026· 71m 0s· 8 players
Game mode
Random Map
Map size
Huge
Population
200
Speed
Normal
Resources
Standard
Victory
Conquest
Starting age
Dark Age
Ending age
Imperial Age
RankedLock teamsTeams togetherTeam positionsShared explorationLock speedFull tech treeHidden civsTurbo modeCheats
Victory
Defeat
🇨🇳 Franks · China
943
+17
🇨🇳 Bohemians · China
942
+17
🇨🇳 Khmer · China
941
+17
🇨🇳 Persians · China
863
+21
🇭🇰 Franks · Hong Kong SAR China
999
-19
🇧🇪 Romans · Belgium
989
-19
🇬🇧 Britons · United Kingdom
968
-18
🇹🇼 Huns · Taiwan
919
-16
OakenStone47820
2:00 Loom
9:07 Feudal Age
9:57 Horse Collar
10:04 Double-Bit Axe
10:15 Gold Mining
14:51 Castle Age
13:29 Padded Archer Armor
13:20 Fletching
13:52 Fletching
14:59 Wheelbarrow
15:01 Forging
15:57 Bow Saw
15:43 Pikeman
17:03 Squires
16:48 Arson
19:40 Stone Mining
20:47 Leather Archer Armor
20:34 Bodkin Arrow
24:12 Hand Cart
24:29 Scale Mail Armor
andy
7:21 Feudal Age
11:41 Castle Age
10:46 Double-Bit Axe
10:49 Horse Collar
13:05 Wheelbarrow
12:19 Loom
14:32 Bow Saw
19:00 Heavy Plow
20:26 Gold Mining
28:17 Imperial Age
25:10 Pikeman
25:50 Squires
25:56 Scale Mail Armor
25:26 Man-at-Arms
26:15 Long Swordsman
29:09 Hand Cart
29:36 Chain Mail Armor
29:32 Forging
29:59 Conscription
30:32 Legionary
32:10 Iron Casting
33:52 Halberdier
43:37 Blast Furnace
42:28 Fletching
46:46 Bodkin Arrow
u9313317
0:27 Loom
10:01 Feudal Age
14:03 Castle Age
12:21 Horse Collar
12:28 Double-Bit Axe
13:44 Bloodlines
13:50 Gold Mining
16:04 Bow Saw
15:55 Heavy Plow
21:27 Wheelbarrow
22:03 Town Watch
26:30 Hand Cart
29:13 Imperial Age
27:11 Marauders
27:37 Masonry
27:27 Murder Holes
27:58 Ballistics
28:13 Forging
28:03 Scale Mail Armor
28:09 Scale Barding Armor
28:19 Husbandry
27:40 Light Cavalry
29:59 Iron Casting
29:30 Scale Barding Armor
30:40 Hand Cart
30:19 Cavalier
30:26 Hussar
34:07 Pikeman
35:08 Squires
34:54 Arson
35:13 Scale Mail Armor
36:14 Blast Furnace
35:00 Cavalier
36:16 Chain Barding Armor
41:23 Two-Man Saw
43:20 Paladin
44:32 Caravan
abbnn
0:31 Loom
10:09 Feudal Age
11:52 Wheelbarrow
11:04 Double-Bit Axe
11:38 Stone Mining
11:43 Gold Mining
15:10 Castle Age
16:19 Hand Cart
16:15 Bow Saw
28:46 Imperial Age
26:47 Scale Mail Armor
26:58 Forging
27:41 Gold Shaft Mining
27:41 Ballistics
27:24 Squires
28:05 #83
28:11 Town Watch
28:52 Chain Mail Armor
29:13 Iron Casting
28:49 Elite Throwing Axeman
30:01 Conscription
30:41 Plate Mail Armor
31:20 Chemistry
30:18 Murder Holes
30:46 Pikeman
33:47 Blast Furnace
33:14 Halberdier
Rebel.
7:17 Feudal Age
9:07 Wheelbarrow
14:16 Castle Age
13:51 Horse Collar
14:00 Double-Bit Axe
14:07 Gold Mining
14:19 Stone Mining
21:00 Heavy Plow
23:30 Hand Cart
26:08 Gold Shaft Mining
27:13 Scale Barding Armor
27:18 Forging
27:12 Husbandry
27:23 Bloodlines
28:12 Stone Shaft Mining
28:00 Bow Saw
29:33 Chain Barding Armor
29:49 Iron Casting
33:38 Imperial Age
34:40 Conscription
34:32 Citadels
34:42 Guilds
35:55 Plate Barding Armor
37:56 Cavalier
39:21 Savar
40:46 Padded Archer Armor
41:53 Leather Archer Armor
42:39 Blast Furnace
46:50 Light Cavalry
51:58 Hussar
55:05 Two-Man Saw
65:30 Blast Furnace
65:11 Ring Archer Armor
闲挂月
8:01 Feudal Age
12:09 Castle Age
10:23 Double-Bit Axe
15:53 Bow Saw
16:54 Wheelbarrow
16:15 Stone Mining
18:44 Husbandry
20:56 Hand Cart
22:01 Gold Mining
26:59 Imperial Age
25:36 Gold Shaft Mining
27:06 Cavalier
29:08 Scale Barding Armor
29:14 Forging
29:01 Paladin
30:56 Conscription
32:14 Iron Casting
31:59 Chain Barding Armor
33:38 Ballistics
34:04 Elite Throwing Axeman
35:50 Chivalry
39:28 Blast Furnace
39:04 Plate Barding Armor
41:19 Onager
42:40 Light Cavalry
43:08 Light Cavalry
秋绥冬禧
8:00 Feudal Age
8:28 Horse Collar
8:36 Double-Bit Axe
14:32 Castle Age
15:25 Bow Saw
15:18 Heavy Plow
15:39 Wagenburg Tactics
24:35 Imperial Age
24:39 Chemistry
25:36 Conscription
27:11 Two-Man Saw
27:57 Elite Hussite Wagon
34:37 Siege Engineers
61:53 Spies/Treason
泰达津布曲
8:29 Feudal Age
9:01 Double-Bit Axe
9:24 Horse Collar
13:47 Castle Age
13:43 Gold Mining
13:49 Stone Mining
14:53 Bow Saw
15:27 Heavy Plow
20:35 Wheelbarrow
20:54 Husbandry
21:34 Scale Barding Armor
23:13 Bloodlines
23:41 Forging
23:52 Chain Barding Armor
26:21 Iron Casting
30:26 Imperial Age
28:18 Fletching
28:36 Light Cavalry
30:07 Gold Shaft Mining
31:59 Elite Battle Elephant
34:24 Blast Furnace
35:01 Plate Barding Armor
35:50 Heavy Scorpion
36:57 Ballistics
37:39 Chemistry
37:49 Double Crossbow
38:05 Caravan
46:21 Elite Ballista Elephant
61:37 Spies/Treason
Connection lost

Rejoining the realm…

Still unreachable

The connection could not be restored.

Session expired

The server has moved on; the page needs a fresh start.